 Dungeon Crawl Stone Soup version 0.29-a0-876-gfc89b1a5bd (webtiles) character file.

Game seed: 3271801086658548650

3389 spaghetti the Fighter (level 10, 1/58 HPs)
             Began as a Vine Stalker Berserker on July 19, 2022.
             Was an Elder of Trog.
             Quit the game on level 8 of the Dungeon.
             The game lasted 00:12:48 (7650 turns).

spaghetti the Fighter (Vine Stalker Berserker)      Turns: 7650, Time: 00:12:48

Health: 1/58       AC:  5    Str: 22    XL:     10   Next: 4%
Magic:  1/11       EV: 16    Int:  7    God:    Trog [****..]
Gold:   588        SH:  0    Dex: 16    Spells: 9/9 levels left

rFire   . . .      SeeInvis .   u - +3 quarterstaff (chaos) {staff}
rCold   . . .      Faith    .   (shield currently unavailable)
rNeg    . . .      Spirit   +   b - +1 animal skin
rPois   .          Reflect  .   l - +0 helmet
rElec   +          Harm     .   v - +0 cloak
rCorr   .          Rampage  .   (no gloves)
Will    +....      Clarity  +   (no boots)
Stlth   +.........              (no amulet)
HPRegen 0.99/turn               (no ring)
MPRegen 0.12/turn               (no ring)

@: lethally poisoned (1 -> -10), on berserk cooldown
A: fangs 3, regeneration 1, magic shield, antimagic bite, no potion heal 2,
clarity, electricity resistance
a: Renounce Religion, Berserk, Trog's Hand, Brothers in Arms


You were on level 8 of the Dungeon.
You worshipped Trog.
Trog was greatly pleased with you.
You visited 1 branch of the dungeon, and saw 8 of its levels.
You also visited: Sewer.

You collected 588 gold pieces.


Innate Abilities, Weirdness & Mutations

You have razor-sharp teeth.
Your natural rate of healing is unusually fast.
When hurt, damage is shared between your health and your magic reserves.
Your bite disrupts and absorbs the magic of your enemies.
Potions cannot restore your health.
You possess an exceptional clarity of mind.
You are resistant to electric shocks. (rElec)


   Skills:
 + Level 9.5 Fighting
 - Level 2.6 Long Blades
 - Level 1.5 Armour
 + Level 8.4 Dodging


You had 9 spell levels left.
You didn't know any spells.
Your spell library contained the following spells:

 Spells                   Type           Power      Damage    Failure   Level
 Apportation              Tloc           0%         N/A       43%         1
 Necrotise                Necr           0%         1d4       43%         1
 Summon Small Mammal      Summ           0%         N/A       43%         1
 Call Canine Familiar     Summ           0%         N/A       80%         3
 Ozocubu's Armour         Ice            0%         N/A       80%         3
 Portal Projectile        Hex/Tloc       0%         N/A       80%         3
 Leda's Liquefaction      Hex/Erth       0%         N/A       99%         4
 Ozocubu's Refrigeration  Ice            0%         4d5       100%        7

Inventory:

Hand Weapons
 a - a +1 falchion {long}
 n - a +0 whip of freezing {mace}
   (You took it off a kobold in a sewer)
 u - a +3 quarterstaff of chaos (weapon) {staff}
   (You took it off Crazy Yiuf on level 4 of the Dungeon)
Missiles
 e - 73 stones {throwing}
 j - 39 poisoned darts (quivered) {throwing}
 r - a throwing net {=f!fthrowing}
 A - 2 boomerangs of dispersal {=f!fthrowing}
Armour
 b - a +1 animal skin (worn)
 l - a +0 helmet (worn)
   (You found it on level 3 of the Dungeon)
 v - a +0 cloak (worn)
   (You took it off Crazy Yiuf on level 4 of the Dungeon)
Magical Staves
 i - a staff of death {forbidden!astaff}
   (You found it on level 1 of the Dungeon)
 o - a staff of fire {forbidden!astaff}
   (You found it on level 8 of the Dungeon)
 x - a staff of poison {forbidden!astaff}
   (You found it on level 6 of the Dungeon)
 C - a staff of poison {forbidden!astaff}
   (You found it on level 8 of the Dungeon)
Jewellery
 d - a +6 ring of intelligence
   (You found it on level 3 of the Dungeon)
 z - a ring of wizardry
   (You found it on level 6 of the Dungeon)
Wands
 y - a wand of paralysis (5)
   (You found it on level 6 of the Dungeon)
 B - a wand of polymorph (7)
   (You found it on level 6 of the Dungeon)
Scrolls
 g - 3 scrolls of teleportation {@r4}
 m - a scroll of blinking {!r}
 q - 2 scrolls of vulnerability {!r!r}
 w - a scroll of amnesia
 D - a scroll of poison {!r}
Potions
 f - 4 potions of brilliance
 h - 2 potions of degeneration {!q@e2}
 k - 4 potions of heal wounds {@q2}
 p - a potion of attraction {!q}
 t - a potion of might

Dungeon Overview and Level Annotations

Branches:
Dungeon (8/15) Zot: 26529  Temple (0/1) D:6           Sewer (visited)
   Lair: D:8-11

Altars:
Nemelex Xobeh
Wu Jian

Shops:
D:6 *   D:7 ? D:8

* ##########
#.........
#......?..
#...........
#...........
#...........
#......#yyy.# .....
#......#.@y.##.....
#.....##..y........
#.....##...........
#..................
#...........#####+#
#...........##....
#......))).........
#.....##.)........#
#.....##)..........


You could see 5 killer bees.


Message History

a +0 whip {mace}; a gnoll corpse; 😮 HP[+1]
You start resting.
You feel a strong urge to attack something. 😮 HP[+1]
You start resting.
You are no longer berserk.
You are exhausted.
You feel yourself slow down. 😮 HP[-19]
You now have 58 max hp (-29).
Unknown command.
You see here a +4 whip of flaming {mace}. 😎 HP[+18] MP[+2]
Your hp is fully restored (58).
Your mp is fully restored (11).
Things that are here:
a +0 whip {mace}; a gnoll corpse A killer bee comes into view.
A killer bee is nearby!
A killer bee is nearby! 2 killer bees come into view. 2 killer bees come into view.
The killer bee buzzes angrily. x3
You feel yourself speed up.
The killer bee buzzes angrily.
The killer bee stings you. The killer bee closely misses you.
The killer bee barely misses you. The killer bee misses you.
The killer bee closely misses you.
The killer bee barely misses you. 😕 HP[-4]
You take 4 damage, and now have 54/58 hp.
You are too injured to fight recklessly!
You are too injured to fight recklessly!
You are too injured to fight recklessly!
You are too injured to fight recklessly!
You are too injured to fight recklessly!
You are too injured to fight recklessly!
You are too injured to fight recklessly!
You are too injured to fight recklessly!
You are too injured to fight recklessly!
You are too injured to fight recklessly!
You are too injured to fight recklessly!
You are too injured to fight recklessly!
You are too injured to fight recklessly!
You are too injured to fight recklessly!
You are too injured to fight recklessly!
You are too injured to fight recklessly!
Unknown command.
Unknown command.
You're still recovering from your berserk rage.
You miss the killer bee. Your bite misses the killer bee.
The killer bee misses you. The killer bee barely misses you. x2
The killer bee stings you. x2; The killer bee misses you. x2
The killer bee stings you but does no damage. 😕 HP[-1] MP[-1]
You take 1 damage, and now have 53/58 hp.
You lost 1 mp, and now have 10/11 mp.
Unknown command.
You miss the killer bee. Your bite misses the killer bee.
The killer bee completely misses you. The killer bee closely misses you.
The killer bee stings you.
You are poisoned.
The killer bee poisons you! The killer bee stings you.
You are more poisoned.
The killer bee poisons you! The killer bee barely misses you.
The killer bee misses you. The killer bee stings you. x2
The killer bee stings you!
You are more poisoned.
The killer bee poisons you! The killer bee barely misses you.
The killer bee stings you!
* * * LOW HITPOINT WARNING * * *
The killer bee misses you. The killer bee stings you!
* * * LOW HITPOINT WARNING * * *
The killer bee stings you!
* * * LOW HITPOINT WARNING * * *
You are lethally poisoned!
The killer bee poisons you!
The killer bee closely misses you. 😨 HP[-35] MP[-7]
You take 35 damage, and now have 18/58 hp.
MASSIVE DAMAGE!! (PAUSE)
You lost 7 mp, and now have 3/11 mp.
Your system rejects the healing.
You feel better. The killer bee stings you.
* * * LOW HITPOINT WARNING * * *
The killer bee closely misses you.
The killer bee stings you but does no damage.
The killer bee closely misses you. The killer bee stings you!
* * * LOW HITPOINT WARNING * * *
You are poisoned.
The killer bee poisons you! The killer bee misses you.
The killer bee closely misses you. x2; The killer bee stings you!
* * * LOW HITPOINT WARNING * * *
The killer bee stings you.
* * * LOW HITPOINT WARNING * * *
You are more poisoned.
The killer bee poisons you! 😱 HP[-17] MP[-2]
You take 17 damage, and now have 1/58 hp.
MASSIVE DAMAGE!! (PAUSE)
You lost 2 mp, and now have 1/11 mp.
Unknown command.
Okay, then.
Are you sure you want to abandon this character and quit the game? (Confirm with "yes".)

Skill      XL: |  1  2  3  4  5  6  7  8  9 |
---------------+----------------------------+-----
Fighting       | 3 4 5 6 8 9 |  9.5
Dodging        | 2 3 4 5 7 8 |  8.4
Long Blades    | |  2.6
Armour         | |  1.5

Action                   |  1- 3 |  4- 6 |  7- 9 | 10-12 || total
-------------------------+-------+-------+-------+-------++-------
Melee: Falchion          |    81 |   180 |   211 |       ||   472
       Bite              |    20 |    42 |    80 |    10 ||   152
       Punch             |     1 |       |     2 |       ||     3
       Quarterstaff      |       |       |   196 |    31 ||   227
Invok: Berserk           |     1 |     3 |    10 |     1 ||    15
       Trog's Hand       |       |       |     3 |       ||     3
Evoke: Wand              |       |       |     2 |       ||     2
  Use: Scroll            |     3 |     3 |     7 |     1 ||    14
       Potion            |       |     3 |     8 |     1 ||    12
 Stab: Sleeping          |     1 |       |     2 |       ||     3
       Paralysed         |       |       |     1 |       ||     1
Armor: Animal skin       |    15 |    59 |   115 |    13 ||   202
       Skin              |       |       |    30 |       ||    30
Dodge: Dodged            |    66 |   157 |   414 |    61 ||   698

Levels and vault maps discovered:
D:1:      amcnicky_arrival_abandoned_market, layout_loops_corners,
          chequers_serial_rivers_small_b, minivault_27
D:2:      layout_basic, hellmonk_ecumenical_altar_pennies_from_heaven,
          corexii_hall_statues_x
D:3:      layout_basic, portal_sewer_entry_f
D:4:      layout_layer_cave, mainiacjoe_overflow_chevrons,
          uniq_crazy_yiuf_cottage
D:5:      nicolae_BIG_FREAKIN_CUBE, layout_basic
D:6:      layout_cave_pools, minmay_temple_entry_poolview,
          gammafunk_ghost_grave, serial_shops, nicolae_shop_hallway_stairs
D:7:      layout_rooms, serial_shops, shop_coins, amcnicky_mini_corridor_feature
D:8:      cheibrodos_fzero, layout_gridville, ashenzari_altar_1,
          mainiacjoe_overflow_small_starburst, nicolae_elemental_shop,
          grunt_ministairs_14

Notes
Turn   | Place    | Note
-------+----------+-------------------------------------------
     0 | D:1      | spaghetti the Vine Stalker Berserker began the quest for
                  | the Orb.
     0 | D:1      | Reached XP level 1. HP: 11/11 MP: 2/2
     0 | D:1      | magus.rc [v1.9.6]
   191 | D:1      | Reached skill level 3 in Fighting
   191 | D:1      | Reached XP level 2. HP: 16/16 MP: 3/3
   211 | D:1      | Reached skill level 2 in Dodging
  1412 | D:2      | Found a faded altar of an unknown god.
  1420 | D:2      | Reached XP level 3. HP: 20/20 MP: 4/4
  1490 | D:2      | You pick up a book of Cantrips {forbidden} and begin
                  | reading...
  1490 | D:2      | You add the spells Necrotise, Summon Small Mammal and
                  | Apportation to your library.
  2036 | D:2      | Gained mutation: Your natural rate of healing is unusually
                  | fast. [Vine Stalker growth]
  2036 | D:2      | Reached XP level 4. HP: 25/25 MP: 2/5
  2287 | D:3      | HP: 9/37 [something (2)]
  2288 | D:3      | Reached ** piety under Trog
  2463 | D:3      | You fall into a shaft and drop 1 floor!
  2505 | D:4      | You pick up a book of the Hunter {forbidden} and begin
                  | reading...
  2505 | D:4      | You add the spells Call Canine Familiar, Portal Projectile
                  | and Leda's Liquefaction to your library.
  2546 | D:3      | Reached skill level 3 in Dodging
  2634 | D:3      | Reached skill level 4 in Fighting
  2693 | D:3      | Reached XP level 5. HP: 29/29 MP: 6/6
  2787 | D:3      | Gained mutation: Your flesh is cold resistant. (rC+)
                  | [potion of mutation]
  2819 | D:3      | Found a glowing drain.
  2831 | Sewer    | Entered a sewer
  2957 | Sewer    | Noticed a kobold brigand
  2974 | Sewer    | Killed a kobold brigand
  2975 | Sewer    | Reached XP level 6. HP: 26/34 MP: 5/7
  3144 | Sewer    | Reached skill level 4 in Dodging
  3262 | Sewer    | Reached skill level 5 in Fighting
  3323 | Sewer    | Reached XP level 7. HP: 21/39 MP: 2/8
  3323 | Sewer    | Reached *** piety under Trog
  4418 | D:4      | Found a sparkling altar of Nemelex Xobeh.
  4468 | D:4      | HP: 14/58 [something (6)]
  4825 | D:4      | Reached skill level 5 in Dodging
  4826 | D:4      | Reached **** piety under Trog
  5065 | D:4      | Found a runed translucent door.
  5066 | D:4      | Noticed Crazy Yiuf
  5294 | D:4      | Killed Crazy Yiuf
  5295 | D:4      | Reached skill level 6 in Fighting
  5336 | D:5      | Entered Level 5 of the Dungeon
  5547 | D:5      | Gained mutation: You have razor-sharp teeth. [Vine Stalker
                  | growth]
  5547 | D:5      | Reached XP level 8. HP: 44/45 MP: 9/9
  6138 | D:6      | Found a runed translucent door.
  6139 | D:6      | Noticed MisterPants's ghost (novice MiBe)
  6170 | D:6      | You add the spells Ozocubu's Armour and Ozocubu's
                  | Refrigeration to your library.
  6243 | D:6      | Reached skill level 7 in Fighting
  6243 | D:6      | Reached skill level 6 in Dodging
  6426 | D:6      | Found Puiq's General Store.
  6471 | D:6      | Found a staircase to the Ecumenical Temple.
  6650 | D:6      | Killed MisterPants's ghost
  6651 | D:6      | Reached skill level 8 in Fighting
  6651 | D:6      | Reached skill level 7 in Dodging
  6651 | D:6      | Reached XP level 9. HP: 32/51 MP: 5/10
  6734 | D:7      | Found Qop Etz's Magic Scroll Shop.
  6795 | D:7      | HP: 19/78 [poisoned by an orc]
  6797 | D:7      | HP: 9/78 [poisoned by an orc]
  6802 | D:7      | HP: 10/52 [howler monkey (3)]
  6936 | D:7      | Lost mutation: Your flesh is cold resistant. (rC+) [potion
                  | of mutation]
  6936 | D:7      | Gained mutation: You possess an exceptional clarity of
                  | mind. [potion of mutation]
  6936 | D:7      | Gained mutation: You are resistant to electric shocks.
                  | (rElec) [potion of mutation]
  7230 | D:8      | Noticed a hornet
  7236 | D:8      | Killed a hornet
  7244 | D:8      | Reached skill level 9 in Fighting
  7246 | D:8      | Reached skill level 8 in Dodging
  7247 | D:8      | HP: 13/53 [gnoll/+0 halberd[a gnoll bouda] (7)]
  7248 | D:8      | HP: 3/53 [gnoll/+0 halberd[a gnoll bouda] (10)]
  7250 | D:8      | Found an ornate altar of the Wu Jian Council.
  7433 | D:8      | Found Vogatsao's Elemental Accessories.
  7487 | D:8      | Reached XP level 10. HP: 43/58 MP: 6/11
  7649 | D:8      | HP: 12/58 [killer bee (6)]
  7649 | D:8      | HP: 5/58 [killer bee (7)]
  7649 | D:8      | HP: 1/58 [killer bee (4)]
  7650 | D:8      | Quit the game

Vanquished Creatures
  The ghost of MisterPants the Cleaver, a novice MiBe of Trog (D:6)
  A hornet (D:8)
  2 ice beasts
  2 sky beasts
  2 black bears
  A phantom (D:7)
  3 kobold brigands (Sewer)
  A bullfrog (D:6)
  2 scorpions
  8 wights
  3 howler monkeys (D:7)
  7 orc priests
  2 jellies
  Crazy Yiuf (D:4)
  2 gnoll boudas (D:8)
  A hound (D:5)
  4 iguanas
  11 orc wizards
  15 adders
  9 gnolls (D:8)
  2 river rats (Sewer)
  An ufetubus (D:5)
  9 worms
  4 dart slugs
  35 orcs
  8 ball pythons
  12 bats
  5 endoplasms
  9 giant cockroaches
  8 goblins
  4 hobgoblins
  4 jackals (D:2)
  12 quokkas
  8 frilled lizards
  9 kobolds
  12 rats
220 creatures vanquished.

Vanquished Creatures (others)
  2 withered plants (D:6)
2 creatures vanquished.

Grand Total: 222 creatures vanquished

Table legend:
 A = Non-vault XP
 B = Vault XP
 C = Vault XP percentage of total XP
 D = Non-vault monster count
 E = Vault monster count
 F = Vault count percentage of total count
                 A         B        C        D         E       F
            +---------+---------+-------+---------+---------+-------
      Total |    3692 |    1150 |  23.8 |     185 |      35 |  15.9
            +---------+---------+-------+---------+---------+-------
        D:1 |      30 |       0 |   0.0 |      16 |       0 |   0.0
        D:2 |      59 |       0 |   0.0 |      17 |       0 |   0.0
        D:3 |     162 |      10 |   5.8 |      18 |       5 |  21.7
        D:4 |     243 |      41 |  14.4 |      17 |       1 |   5.6
        D:5 |     582 |       0 |   0.0 |      19 |       0 |   0.0
        D:6 |     667 |     673 |  50.2 |      18 |       1 |   5.3
        D:7 |     641 |       0 |   0.0 |      19 |       0 |   0.0
        D:8 |    1205 |       0 |   0.0 |      27 |       0 |   0.0
      Sewer |     103 |     426 |  80.5 |      34 |      28 |  45.2
            +---------+---------+-------+---------+---------+-------

Illustrated notes

Table legend:
 A = Kills in this place as a percentage of kills in entire the game.
 B = Kills by you in this place as a percentage of kills by you in the entire game.
 C = Kills by friends in this place as a percentage of kills by friends in the entire game.
 D = Other kills in this place as a percentage of other kills in the entire game.
 E = Experience gained in this place as a percentage of experience gained in the entire game.
 F = Experience gained in this place divided by the number of levels of this place that you have seen.
                   A       B       C       D       E      F
               +-------+-------+-------+-------+-------+----------------------
         Total | 100.0 | 100.0 |   N/A |   N/A | 100.0 | 538.0
       Dungeon |  71.8 |  71.8 |   N/A |   N/A |  89.1 | 539.1
         Sewer |  28.2 |  28.2 |   N/A |   N/A |  10.9 | 529.0
               +-------+-------+-------+-------+-------+----------------------

Table legend: (Time is in decaauts)
 A = Elapsed time spent in this place.
 B = Non-inter-level travel time spent in this place.
 C = Inter-level travel time spent in this place.
 D = Time resting spent in this place.
 E = Time spent auto-exploring this place.
 F = Levels seen in this place.
 G = Mean time per level.
                   A        B        C        D        E       F      G
               +--------+--------+--------+--------+--------+-----+--------+
         Total |   8090 |   7815 |    275 |     36 |   6151 |   9 |  898.9 |
       Dungeon |   6889 |   6614 |    275 |     35 |   5486 |   8 |  861.1 |
         Sewer |   1201 |   1201 |      0 |      1 |    665 |   1 | 1201.0 |
               +--------+--------+--------+--------+--------+-----+--------+

Top non-repeatable levels by time:
     D:1: 1324 daAuts
     D:4: 1229 daAuts
   Sewer: 1201 daAuts
     D:3: 986 daAuts
     D:2: 931 daAuts
     D:5: 772 daAuts
     D:6: 656 daAuts
     D:7: 518 daAuts
     D:8: 470 daAuts
